 Dungeon Sprint DCSS version 0.22.1-1-ga44c0e5 (webtiles) character file.

25 YellowHerb the Grave Robber (level 3, -10/27 HPs)
             Began as a Ghoul Necromancer on Sept 22, 2018.
             Mangled by an ogre
             ... wielding a +0 giant spiked club
              (19 damage)
             ... in the Dungeon (Sprint I: "Red Sonja").
             The game lasted 00:03:17 (233 turns).

YellowHerb the Grave Robber (Ghoul Necromancer)      Turns: 233, Time: 00:03:18

Health: -10/27     AC:  2    Str: 11    XL:     3   Next: 4%
Magic:  1/5        EV: 12    Int: 11    God:
Gold:   0          SH:  0    Dex:  9    Spells: 5/6 levels left

rFire    . . .     SeeInvis .   (no weapon)
rCold    + . .     Gourm    .   (no shield)
rNeg     + + +     Faith    .   a - +0 robe
rPois    ∞         Spirit   .   (no helmet)
rElec    .         Reflect  .   (no cloak)
rCorr    .         Harm     .   (no gloves)
MR       .....     NoTele   +   (no boots)
Stlth    ++........             (no amulet)
HPRegen  0.00/turn              (no ring)
MPRegen  0.09/turn              (no ring)

@: rotting
A: rotting body, claws 1, carnivore, cold resistance 1, negative energy
resistance 3, inhibited regeneration, torment resistance, unbreathing
a: no special abilities


You were in the Dungeon.
You were not hungry.

You visited 1 branch

Inventory:

Armour
 a - a +0 robe (worn)
 b - a +0 scale mail
Scrolls
 i - a scroll of blinking
Potions
 f - a potion of haste
 g - 2 potions of magic
 h - a potion of berserk rage
Comestibles
 c - a ration


   Skills:
 + Level 0.4 Fighting
 * Level 2.7 Dodging
 - Level 2.1 Stealth
 + Level 0.8 Unarmed Combat
 * Level 2.4 Spellcasting
 * Level 6.1 Necromancy


You had 5 spell levels left.
You knew the following spells:

 Your Spells              Type           Power        Failure   Level  Hunger
a - Pain                  Necr           ##..         2%          1    ##.....

Your spell library contained the following spells:

 Spells                   Type           Power        Failure   Level  Hunger
 Animate Skeleton         Necr           N/A          2%          1    ##.....
 Vampiric Draining        Necr           ##........   7%          3    ####...
 Animate Dead             Necr           N/A          22%         4    #####..
 Regeneration             Chrm/Necr      #.........   24%         3    ####...


Dungeon Overview and Level Annotations

Branches:
Dungeon (1/1)

Altars:


Innate Abilities, Weirdness & Mutations

Your body is rotting away.
You thrive on raw meat.
You are immune to poison.
You have sharp fingernails.
You are carnivorous and can eat meat at any time.
Your flesh is cold resistant. (rC+)
You are immune to negative energy. (rN+++)
You do not regenerate when monsters are visible.
You are immune to unholy pain and torment.
You can survive without breathing.


Message History

Press: ? - help, Shift-Dir - straight line, f/p - ogre
Aim: an ogre, wielding a giant spiked club (lightly wounded, chance to defeat The ogre struggles to resist.
The ogre hits you with a giant spiked club!!
Ouch! That really hurt!
Casting: Pain (safe; 2% risk of failure)
Confirm with . or Enter, or press ? or * to list all spells.
Aiming: Pain (safe; 2% risk of failure)
Press: ? - help, Shift-Dir - straight line, f/p - ogre
Aim: an ogre, wielding a giant spiked club (chance to defeat MR: 72%)
The ogre writhes in agony!
Casting: Pain (safe; 2% risk of failure)
Confirm with . or Enter, or press ? or * to list all spells.
Aiming: Pain (safe; 2% risk of failure)
Press: ? - help, Shift-Dir - straight line, f/p - ogre
Aim: an ogre, wielding a giant spiked club (lightly wounded, chance to defeat The ogre writhes in agony!
The ogre hits you with a giant spiked club!!
Ouch! That really hurt!
You die...

##########
#<.#.@O..#
#..†..#..+
#..#### +#
#..# #..#
#..# #⌠⌠#
####


You could see an ogre.

Vanquished Creatures
  Ijyb (D)
1 creature vanquished.

Notes
Turn   | Place    | Note
-------+----------+-------------------------------------------
     0 | D        | YellowHerb the Ghoul Necromancer began the quest for the
                  | Orb.
     0 | D        | Reached XP level 1. HP: 14/14 MP: 2/2
     4 | D        | Noticed Ijyb
    53 | D        | Killed Ijyb
    53 | D        | Reached skill level 6 in Necromancy
    53 | D        | Reached XP level 2. HP: 9/22 MP: 0/4
    53 | D        | Reached XP level 3. HP: 11/27 MP: 0/5
   229 | D        | Noticed an ogre
   233 | D        | Mangled by an ogre

Skill      XL: |  1 |
---------------+----+-----
Dodging        | 2 |  2.7
Spellcasting   | 2 |  2.4
Necromancy     | 6 |  6.1
Fighting       | |  0.4
Stealth        | |  2.1
Unarmed Combat | |  0.8

Action                   || total
-------------------------++-------
Melee: Unarmed           ||    42
 Cast: Pain              ||     9
  Use: Potion            ||     2
Armor: Robe              ||     9
Dodge: Dodged            ||    23
